 Dungeon Crawl Stone Soup version 0.16.0-11-gd45b091 (webtiles) character file.

111346 Ladykiller69 the Severer (level 17, 0/129 HPs)
             Began as a Formicid Fighter on Mar 17, 2015.
             Was the Champion of Cheibriados.
             Killed from afar by a Brimstone Fiend (40 damage)
             ... with a blast of hellfire
             ... summoned by a deep elf demonologist
             ... on level 1 of the Elven Halls.
             The game lasted 02:20:34 (18429 turns).

Ladykiller69 the Severer (Formicid Fighter)        Turns: 18429, Time: 02:20:34

Health: 0/129      AC: 30    Str: 40    XL:     17   Next: 12%
Magic:  42/42      EV: 18    Int: 26    God:    Cheibriados [******]
Gold:   1703       SH: 34    Dex: 25    Spells: 1 memorised, 14 levels left

rFire  + + .     SeeInvis +     W - +7 executioner's axe (elec)
rCold  . . .     Clarity  +     b - +2 plate armour {MR+}
rNeg   + . .     SustAb   .     X - +11 large shield "Giparhat" {rPois MP+9 SInv}
rPois  +         Gourm    .     (helmet unavailable)
rElec  .         Spirit   .     u - +2 cloak
rCorr  .         Warding  .     o - +2 pair of gloves {Str+3}
rMut   .         Stasis   +     A - +4 pair of boots "Ycren" {rF++ Str-3 Slay+4}
MR     +++..                    k - amulet of clarity
Stlth  ..........               y - ring of positive energy
                                E - ring of protection from magic

@: very slow, extremely resistant to hostile enchantments, extremely unstealthy
A: permanent stasis, dig shafts and tunnels, four strong arms, antennae 3,
screaming 1, wild magic 1
a: Dig, Shaft Self, Bend Time, Temporal Distortion, Slouch, Step From Time,
Renounce Religion


You were on level 1 of the Elven Halls.
You worshipped Cheibriados.
Cheibriados was exalted by your worship.
You were hungry.

You visited 8 branches of the dungeon, and saw 32 of its levels.
You also visited: Labyrinth.

You collected 2982 gold pieces.
You spent 1279 gold pieces at shops.

Inventory:

Hand weapons
 W - a +7 executioner's axe of electrocution (weapon)
Missiles
 a - 6 javelins
 s - 2 steel tomahawks
 t - 48 tomahawks
 v - 7 javelins of returning (quivered)
 T - 8 throwing nets
Armour
 b - a +2 plate armour of magic resistance (worn)
 c - the +4 shield of the Original Sin {+Blink rC- rN+ Dex+3}
   (You found it on level 8 of the Lair of Beasts)

   It affects your dexterity (+3).
   It makes you vulnerable to cold.
   It protects you from negative energy.
   It lets you blink.
 o - a +2 pair of gloves of strength (worn)
 u - a +2 cloak (worn)
 A - the +4 pair of boots "Ycren" (worn) {rF++ Str-3 Slay+4}
   (You found it on level 4 of the Lair of Beasts)

   It affects your strength (-3).
   It affects your accuracy and damage with ranged weapons and melee attacks
   (+4).
   It greatly protects you from fire.
 X - the +11 large shield "Giparhat" (worn) {rPois MP+9 SInv}
   (You bought it in a shop on level 4 of the Orcish Mines)

   It protects you from poison.
   It affects your magic capacity (+9).
   It enhances your eyesight.
Rods
 w - a +4 rod of destruction (12/12)
   (You found it in a labyrinth)
Jewellery
 g - an uncursed ring of flight
 k - an amulet of clarity (around neck)
 y - a ring of positive energy (right hand)
 E - a ring of protection from magic (left hand)
 G - an uncursed amulet of faith
 H - an uncursed ring of wizardry
Magical devices
 q - a wand of fire (9)
 x - a wand of fire (3)
 F - a wand of disintegration (5)
 K - a wand of invisibility (3)
 L - a wand of draining (5)
 P - a wand of draining (0)
 Q - a wand of slowing (16)
Scrolls
 f - 2 scrolls of amnesia
 h - 8 scrolls of remove curse
 j - 11 scrolls of identify
 l - a scroll of silence
 p - 4 scrolls of fog
 r - 5 scrolls of magic mapping
 J - 5 scrolls of fear
 S - a scroll of acquirement
 V - 4 scrolls of recharging
 Z - a scroll of enchant armour
Potions
 e - 7 potions of might
 n - 4 potions of restore abilities
 z - 15 potions of curing
 B - a potion of heal wounds
 C - 2 potions of agility
 D - 6 potions of ambrosia
 I - a potion of invisibility
 M - a potion of cure mutation
 N - 2 potions of brilliance
 R - a potion of magic
 U - a potion of lignification
Books
 m - a book of Maledictions

   Spells                             Type                      Level
   a - Corona                         Hexes                        1
   b - Sure Blade                     Hexes/Charms                 2
   c - Ensorcelled Hibernation        Hexes/Ice                    2
   d - Confuse                        Hexes                        3
   e - Dazzling Spray                 Conjuration/Hexes            3
   f - Enslavement                    Hexes                        4
Comestibles
 d - 11 bread rations
 i - 11 meat rations
 O - 3 royal jellies


   Skills:
 - Level 10.7 Fighting
 - Level 17.1 Axes
 - Level 12.5 Armour
 - Level 10.2 Dodging
 + Level 11.8 Shields
 - Level 5.1 Earth Magic
 - Level 12.3 Invocations


You had 14 spell levels left.
You knew the following spells:

 Your Spells              Type           Power        Failure   Level  Hunger
a - Stoneskin             Trmt/Erth      ###.....     73%         2    ###....


Dungeon Overview and Level Annotations

Branches:
Dungeon (15/15)            Temple (1/1) D:7            Lair (8/8) D:10
  Swamp (1/5) Lair:5       Spider (1/5) Lair:3        Slime (1/6) Lair:6
    Orc (4/4) D:10            Elf (1/3) Orc:3        Vaults (0/5) D:14
 Depths (0/5) D:15

Altars:
Cheibriados
Dithmenos
Fedhas
Kikubaaqudgha
Makhleb
Okawaru
Vehumet
Xom
Zin
The Shining One
Jiyva

Shops:
D:6 (   D:9 }   D:10 [(}   D:13 :   D:14 =   Orc:4 :*[(

Annotations:
D:4 Dowan, Duvessa
D:5 fly->potion
D:11 exclusion: 2 doors
Swamp:1 Maud!, Maud


Innate Abilities, Weirdness & Mutations

You are under a permanent stasis effect.
You can dig through walls and to a lower floor.
Your four strong arms can wield two-handed weapons with a shield.
You have a pair of large antennae on your head (SInv).
You occasionally shout uncontrollably at your foes.
Your spells are a little harder to cast, but a little more powerful.


Message History

You open the deep elf blademaster like a pillowcase!!!!
The deep elf blademaster is severely wounded.
The deep elf blademaster hits you but does no damage.
You block the deep elf blademaster's attack.
You slash the deep elf blademaster!!
There is a sudden explosion of sparks!
You kill the deep elf blademaster!
Cheibriados appreciates the change of pace.
You slice the deep elf annihilator!!!
The deep elf annihilator is almost dead.
The deep elf annihilator casts a spell at you.
You block the crystal spear.
You block the deep elf annihilator's attack.
You carve the deep elf annihilator like a ham!!!!
You kill the deep elf annihilator!
Cheibriados appreciates the change of pace.
You cut the Brimstone Fiend into ribbons!!!!
The Brimstone Fiend is almost dead.
The Brimstone Fiend gestures at you.
The hellfire explodes!
The blast of hellfire engulfs you!
You die...

#.' +....++
###.##'# #.'
+.?$.1+ ###
#.# #.'
+.P3.e+ #.#
#.' +.ee2'' #
#.##### #.'
+'2e''{{#
#'.).#
#.'+++'{{{{{#
#....(
#.''''{{{{{{#
#.....
#......##{####
#.....
#...8...{{.#@#
##...#
##.....'#{#1##
##'#+##
##...##.####
##.##
##.####.##
##.## ###
##.## ##.##
##.## ##.##
##.## ##.##
##.####'##
##'##.###


You could see a Brimstone Fiend.

Vanquished Creatures
  2 deep elf blademasters (Elf:1)
  A deep elf annihilator (Elf:1)
  A dire elephant (D:15)
  A fire dragon (D:15)
  Josephine (D:12)
  A minotaur (Lab)
  Harold (Orc:2)
  An ice dragon (D:12)
  8 hydras
  2 dancing weapons (D:14)
  2 death yaks (Lair:7)
  An ogre mage (D:15)
  4 orc high priests
  2 centaur warriors
  Urug (D:15)
  A sun demon (Orc:4)
  8 skeletal warriors (D:15)
  A fire crab (Lair:6)
  5 deep elf knights (Elf:1)
  5 deep elf summoners (Elf:1)
  3 deep elf conjurers (Elf:1)
  7 hill giants
  A wizard (D:14)
  A sixfirhy (Orc:4)
  2 hornets (Lair:8)
  4 orc knights
  5 cyclopes
  5 orc sorcerers
  4 wolf spiders
  3 manticores
  21 elephants
  14 ugly things
  8 black mambas
  A centaur zombie (D:11)
  A gargoyle (D:10)
  A torpor snail (shapeshifter) (Elf:1)
  A guardian serpent (Lair:8)
  11 spiny frogs
  A rust devil (Orc:4)
  An orange demon (Orc:4)
  3 centaur skeletons
  Psyche (Orc:1)
  A naga mage (D:15)
  A torpor snail (Lair:7)
  5 komodo dragons
  A redback zombie (D:15)
  3 trolls
  5 fire drakes
  A jumping spider (Elf:1)
  2 polar bears
  Grinder (D:5)
  19 blink frogs
  2 harpy skeletons
  2 two-headed ogres (D:15)
  8 basilisks
  A boulder beetle (Lair:8)
  5 redbacks
  A spriggan (Lair:7)
  7 deep elf magi (Elf:1)
  A water elemental (D:15)
  33 yaks
  4 wyverns
  5 wraiths
  Grum (D:12)
  9 vampire mosquitoes
  A neqoxec (Orc:4)
  A hungry ghost (D:13)
  12 hippogriffs
  14 wolves
  5 deep elf fighters (Elf:1)
  25 water moccasins
  5 wargs
  38 orc warriors
  A soldier ant (shapeshifter) (Elf:1)
  6 swamp worms (Lair:5)
  A soldier ant (D:13)
  A swamp drake (Lair:1)
  11 porcupines
  4 spiders (Lair:8)
  4 wasps
  2 black bears
  4 ice beasts
  A sky beast (D:13)
  A boggart (D:12)
  An eye of draining (D:13)
  13 ogres
  6 phantoms
  Sigmund (D:4)
  20 centaurs
  A necrophage (D:10)
  8 crocodiles
  29 giant frogs
  Blork the orc (D:4)
  2 big kobolds
  4 scorpions
  A wyvern skeleton (D:11)
  31 killer bees
  2 electric eels
  7 wights
  2 quasits
  6 crimson imps
  3 goliath beetles
  3 giant frog skeletons
  Crazy Yiuf (D:4)
  A giant frog zombie (D:12)
  3 jellies
  11 iguanas
  36 orc priests
  Natasha (thrice) (D:6)
  5 hell rats (Elf:1)
  10 hounds
  42 orc wizards
  7 worker ants
  31 sheep
  A hound skeleton (D:11)
  A mummy (D:15)
  Robin (D:4)
  4 gnolls
  9 orc zombies (Orc:4)
  3 worker ant zombies
  30 adders
  54 river rats
  2 shadow imps
  5 giant mites
  3 worms
  2 adder zombies
  5 giant geckos
  178 orcs
  2 ball pythons
  A bat zombie (D:4)
  8 giant cockroaches
  23 hobgoblins
  7 quokkas
  12 bats
  6 giant newts
  22 goblins
  29 kobolds
  A quokka skeleton (D:8)
  17 rats
  A ballistomycete (D:13)
  A bush (Lair:1)
  A butterfly (D:7)
  11 fungi
  19 plants
1153 creatures vanquished.

Vanquished Creatures (others)
  2 orc wizards (Orc:4)
  An adder (D:11)
  A giant spore (D:13)
  2 fungi
  3 plants (Lair:8)
9 creatures vanquished.

Grand Total: 1162 creatures vanquished

Notes
Turn   | Place    | Note
--------------------------------------------------------------
     0 | D:1      | Ladykiller69, the Formicid Fighter, began the quest for the Orb.
     0 | D:1      | Reached XP level 1. HP: 18/18 MP: 1/1
   212 | D:1      | Reached XP level 2. HP: 22/24 MP: 3/3
   658 | D:2      | Reached skill level 4 in Shields
   658 | D:2      | Reached XP level 3. HP: 14/29 MP: 4/4
   796 | D:2      | Found an ancient bone altar of Kikubaaqudgha.
   796 | D:2      | Found a shimmering altar of Xom.
   798 | D:2      | Found a blossoming altar of Fedhas.
   937 | D:2      | Reached XP level 4. HP: 34/36 MP: 5/5
  1190 | D:3      | Reached XP level 5. HP: 31/42 MP: 7/7
  1416 | D:4      | Found a snail-covered altar of Cheibriados.
  1425 | D:4      | Became a worshipper of Cheibriados the Contemplative
  1789 | D:4      | Noticed Duvessa
  1789 | D:4      | Noticed Dowan
  1904 | D:4      | Noticed a phantom
  1935 | D:4      | Killed a phantom
  1935 | D:4      | Reached skill level 5 in Shields
  1935 | D:4      | Reached XP level 6. HP: 41/49 MP: 8/8
  1977 | D:4      | Acquired Cheibriados' first power
  2103 | D:4      | Noticed Robin
  2131 | D:4      | Killed Robin
  2131 | D:4      | Reached skill level 5 in Fighting
  2202 | D:4      | Reached XP level 7. HP: 43/56 MP: 9/9
  2288 | D:4      | Noticed Sigmund
  2313 | D:4      | Killed Sigmund
  2313 | D:4      | Reached skill level 5 in Axes
  2392 | D:4      | Noticed Blork the orc
  2401 | D:4      | You fall through a shaft for 2 floors!
  2546 | D:6      | Reached skill level 6 in Shields
  2740 | D:5      | Entered Level 5 of the Dungeon
  2815 | D:5      | Found an iron altar of Okawaru.
  3021 | D:5      | Noticed Grinder
  3034 | D:5      | Killed Grinder
  3034 | D:5      | Reached XP level 8. HP: 52/62 MP: 11/11
  3186 | D:4      | Killed Blork the orc
  3186 | D:4      | Reached skill level 7 in Axes
  3203 | D:4      | Acquired Cheibriados' second power
  3278 | D:4      | Noticed Crazy Yiuf
  3281 | D:4      | Killed Crazy Yiuf
  3786 | D:6      | Found Qaafue's Weapon Boutique.
  3957 | D:6      | Noticed Natasha
  3958 | D:6      | Found a burning altar of Makhleb.
  3960 | D:6      | Killed Natasha
  3960 | D:6      | Reached skill level 8 in Axes
  3960 | D:6      | Reached XP level 9. HP: 64/68 MP: 12/12
  4096 | D:7      | Acquired Cheibriados' third power
  4205 | D:7      | Reached skill level 9 in Axes
  4423 | D:6      | Noticed Natasha
  4426 | D:6      | Killed Natasha
  4528 | D:7      | Found an ancient bone altar of Kikubaaqudgha.
  4533 | D:7      | Noticed a hippogriff
  4540 | D:7      | Killed a hippogriff
  4567 | D:7      | Found a staircase to the Ecumenical Temple.
  4574 | Temple   | Entered the Ecumenical Temple
  4703 | D:7      | Acquired Cheibriados' fourth power
  4810 | D:8      | Reached skill level 1 in Invocations
  4885 | D:7      | Reached skill level 10 in Axes
  4899 | D:8      | Reached skill level 1 in Dodging
  4899 | D:8      | Reached XP level 10. HP: 72/74 MP: 16/16
  4959 | D:8      | Reached skill level 5 in Armour
  5016 | D:8      | Found a shimmering altar of Xom.
  5259 | D:9      | Found an iron altar of Okawaru.
  5426 | D:9      | Found Ititait's Gadget Shoppe.
  5822 | D:10     | Entered Level 10 of the Dungeon
  5907 | D:10     | Reached skill level 11 in Axes
  5918 | D:10     | Reached skill level 5 in Invocations
  5925 | D:10     | Reached XP level 11. HP: 42/79 MP: 21/21
  5975 | D:10     | Found a staircase to the Lair.
  6057 | D:10     | Noticed a hill giant
  6060 | D:10     | You fall through a shaft!
  6239 | D:10     | Found Poeqyfaq's Armour Emporium.
  6240 | D:10     | Found a staircase to the Orcish Mines.
  6241 | D:10     | Found Saujauq's Weapon Emporium.
  6263 | Orc:1    | Entered Level 1 of the Orcish Mines
  6266 | Orc:1    | Found a radiant altar of Vehumet.
  6476 | Orc:1    | Noticed Psyche
  6483 | Orc:1    | Killed Psyche
  6591 | Orc:2    | Noticed Harold
  6758 | Orc:3    | Noticed an orc high priest
  6780 | Orc:2    | Noticed an orc knight
  6788 | Orc:2    | Killed an orc knight
  6811 | Orc:2    | Reached skill level 12 in Axes
  7129 | D:6      | Noticed Natasha
  7131 | D:6      | Killed Natasha
  7147 | D:6      | Bought a +2 executioner's axe of electrocution for 444 gold pieces
  7337 | D:11     | Reached skill level 5 in Dodging
  7523 | D:11     | Noticed a hill giant
  7525 | D:11     | Killed a hill giant
  7730 | D:12     | Noticed a four-headed hydra
  7757 | D:12     | Killed a four-headed hydra
  7757 | D:12     | Reached XP level 12. HP: 68/86 MP: 25/25
  7775 | D:12     | Noticed a cyan ugly thing
  7781 | D:12     | Killed a cyan ugly thing
  7833 | D:12     | Found a labyrinth entrance.
  7839 | Lab      | Entered a labyrinth
  8069 | Lab      | Noticed a minotaur
  8075 | Lab      | Killed a minotaur
  8114 | Lab      | Identified a +3 rod of destruction (11/11) (You found it in a labyrinth)
  8163 | D:12     | Noticed a cyclops
  8170 | D:12     | Killed a cyclops
  8214 | D:12     | Noticed a hill giant
  8216 | D:12     | Killed a hill giant
  8331 | D:12     | Reached skill level 13 in Axes
  8398 | D:12     | Noticed a cyan ugly thing
  8403 | D:12     | Noticed Grum
  8420 | D:12     | You fall through a shaft!
  8722 | D:12     | Noticed Josephine
  8726 | D:12     | Killed Josephine
  8729 | D:12     | Killed a cyan ugly thing
  8790 | D:12     | Killed Grum
  9116 | Lair:1   | Entered Level 1 of the Lair of Beasts
  9121 | Lair:1   | Identified a +2 rod of destruction (9/9) (You took it off a minotaur in a labyrinth)
  9339 | Lair:1   | Noticed a six-headed hydra
  9347 | Lair:1   | Killed a six-headed hydra
  9347 | Lair:1   | Reached XP level 13. HP: 74/93 MP: 27/27
 10085 | Lair:3   | Found a hole to the Spider Nest.
 10103 | Spider:1 | Entered Level 1 of the Spider Nest
 10316 | Lair:3   | Reached skill level 14 in Axes
 10569 | Lair:3   | Identified a scroll of acquirement
 10960 | Lair:4   | Got a pair of pitted boots
 10966 | Lair:4   | Identified the +4 pair of boots "Ycren" {rF++ Str-3 Slay+4} (You found it on level 4 of the Lair of Beasts)
 11203 | Lair:5   | Reached skill level 10 in Armour
 11582 | Lair:4   | Reached skill level 10 in Invocations
 11798 | Lair:5   | Reached XP level 14. HP: 103/103 MP: 29/29
 11980 | Lair:5   | Found a staircase to the Swamp.
 12003 | Swamp:1  | Entered Level 1 of the Swamp
 12003 | Swamp:1  | Noticed Maud
 12369 | Lair:6   | Found a viscous altar of Jiyva.
 12370 | Lair:6   | Found a staircase to the Slime Pits.
 12382 | Slime:1  | Entered Level 1 of the Pits of Slime
 12590 | Lair:7   | Reached skill level 15 in Axes
 13001 | Lair:8   | Entered Level 8 of the Lair of Beasts
 13415 | Lair:8   | Reached XP level 15. HP: 99/113 MP: 30/30
 13439 | Lair:8   | Got a faintly glowing shield
 13445 | Lair:8   | Identified the +4 shield of the Original Sin {+Blink rC- rN+ Dex+3} (You found it on level 8 of the Lair of Beasts)
 13567 | Lair:8   | Gained mutation: Your spells are a little harder to cast, but a little more powerful. [potion of beneficial mutation]
 13969 | D:10     | Found Selenwuc's Gadget Shop.
 14019 | D:11     | Noticed a seven-headed hydra
 14022 | D:11     | Killed a nine-headed hydra
 14022 | D:11     | Reached skill level 16 in Axes
 14035 | D:11     | Noticed a hill giant
 14038 | D:11     | Killed a hill giant
 14083 | D:12     | Noticed an ice dragon
 14102 | D:12     | Killed an ice dragon
 14240 | D:13     | Noticed a four-headed hydra
 14241 | D:13     | Killed a five-headed hydra
 14349 | D:13     | Found Elyc's Book Shoppe.
 14359 | D:13     | Bought a book of Geomancy for 560 gold pieces
 14362 | D:13     | Learned a level 2 spell: Stoneskin
 14383 | D:13     | Noticed a centaur warrior
 14395 | D:13     | Killed a centaur warrior
 14550 | D:10     | Killed a hill giant
 14554 | D:10     | Reached skill level 1 in Earth Magic
 14991 | D:14     | Found a gate to the Vaults.
 15101 | D:14     | Found Puoc's Jewellery Boutique.
 15421 | D:14     | Reached skill level 10 in Fighting
 15471 | D:15     | Entered Level 15 of the Dungeon
 15592 | D:15     | Reached XP level 16. HP: 122/122 MP: 32/32
 15621 | D:15     | Found a staircase to the Depths.
 15761 | D:15     | Noticed Urug
 15767 | D:15     | Killed Urug
 15913 | D:15     | Reached skill level 10 in Dodging
 16357 | Orc:2    | Killed Harold
 16427 | Orc:3    | Killed an orc high priest
 16447 | Orc:3    | Noticed an orc sorcerer
 16450 | Orc:3    | Killed an orc sorcerer
 16568 | Orc:4    | Entered Level 4 of the Orcish Mines
 16794 | Orc:3    | Found a staircase to the Elven Halls.
 17233 | Orc:4    | Found a glowing golden altar of the Shining One.
 17311 | Orc:4    | Reached skill level 17 in Axes
 17314 | Orc:4    | Gained mutation: You occasionally shout uncontrollably at your foes. [a neqoxec]
 17681 | Orc:4    | Reached skill level 5 in Earth Magic
 17760 | Orc:4    | Found Jear's Antique Armour Shop.
 17761 | Orc:4    | Found Bluiboph's Antique Weapon Boutique.
 17763 | Orc:4    | Found Roeruz's General Store.
 17763 | Orc:4    | Found Cekk's Book Shop.
 17768 | Orc:4    | Bought a steaming large shield for 275 gold pieces
 17779 | Orc:4    | Identified the +11 large shield "Giparhat" {rPois MP+9 SInv} (You bought it in a shop on level 4 of the Orcish Mines)
 17876 | Elf:1    | Entered Level 1 of the Elven Halls
 17876 | Elf:1    | Found a huge runed gate.
 17876 | Elf:1    | Found a huge runed gate.
 17877 | Elf:1    | Found a huge runed gate.
 18212 | Elf:1    | Reached skill level 10 in Shields
 18373 | Elf:1    | Found a huge runed gate.
 18373 | Elf:1    | Found a huge runed gate.
 18373 | Elf:1    | Found a huge runed gate.
 18373 | Elf:1    | Found a huge runed gate.
 18373 | Elf:1    | Found a huge runed gate.
 18375 | Elf:1    | Reached XP level 17. HP: 80/129 MP: 33/33
 18377 | Elf:1    | Found a huge runed gate.
 18382 | Elf:1    | Found a huge runed gate.
 18382 | Elf:1    | Found a huge runed gate.
 18382 | Elf:1    | Found a huge runed gate.
 18382 | Elf:1    | Found a huge runed gate.
 18382 | Elf:1    | Found a huge runed gate.
 18382 | Elf:1    | Found a huge runed gate.
 18382 | Elf:1    | Found a huge runed gate.
 18382 | Elf:1    | Found a huge runed gate.
 18383 | Elf:1    | Found a huge runed gate.
 18404 | Elf:1    | Found a huge runed gate.
 18404 | Elf:1    | Found a huge runed gate.
 18404 | Elf:1    | Found a huge runed gate.
 18410 | Elf:1    | Noticed a deep elf master archer
 18411 | Elf:1    | Noticed a deep elf blademaster
 18412 | Elf:1    | Noticed a deep elf blademaster
 18412 | Elf:1    | Noticed a deep elf master archer
 18414 | Elf:1    | Noticed a Brimstone Fiend
 18421 | Elf:1    | Killed a deep elf blademaster
 18426 | Elf:1    | Killed a deep elf blademaster
 18429 | Elf:1    | Killed from afar by a Brimstone Fiend

Action                   |  1- 3 |  4- 6 |  7- 9 | 10-12 | 13-15 | 16-18 || total
-------------------------+-------+-------+-------+-------+-------+-------++-------
Melee: War axe           |    86 |   197 |   261 |   335 |       |       ||   879
       Executioner's axe |       |       |       |   172 |   602 |   250 ||  1024
       Whip              |       |       |       |    10 |     6 |       ||    16
       Dire flail        |       |       |       |       |     3 |       ||     3
Throw: Tomahawk          |       |       |       |     3 |       |       ||     3
       Javelin           |       |       |       |       |       |     2 ||     2
Invok: Slouch            |       |       |       |     3 |     1 |     5 ||     9
       Bend Time         |       |       |       |     1 |       |     2 ||     3
       Step From Time    |       |       |       |       |       |     1 ||     1
 Abil: Dig               |     1 |    19 |    16 |    27 |    31 |    17 ||   111
       Shaft Self        |       |       |     1 |     2 |       |       ||     3
  Use: Potion            |       |       |     4 |     1 |     1 |     2 ||     8
       Scroll            |       |       |       |    15 |    19 |     1 ||    35
 Stab: Distracted        |       |       |       |       |       |     1 ||     1
  Eat: Chunk             |       |     6 |     9 |    14 |    10 |     9 ||    48
       Pizza             |       |       |       |       |     2 |       ||     2
       Beef jerky        |       |       |       |       |     3 |       ||     3
